 Dungeon Crawl Stone Soup version 0.31-a0-174-g85c54bcb58 (webtiles) character file.

Game seed: 6249949878495318993

44 mandarbmax the Shooter (level 3, 0/27 HPs)
             Began as a Formicid Hunter on June 15, 2023.
             Slain by a gnoll
             ... wielding a +0 club
              (2 damage)
             ... on level 2 of the Dungeon.
             The game lasted 00:02:13 (772 turns).

mandarbmax the Shooter (Formicid Hunter)             Turns: 772, Time: 00:02:15

Health: 0/27       AC:  5    Str: 15    XL:     3   Next: 85%
Magic:  3/3        EV: 12    Int:  8    God:
Gold:   76         SH:  0    Dex: 19    Spells: 2/2 levels left

rFire   + . .        a - +0 shortbow
rCold   + . .        (no shield)
rNeg    . . .        c - +0 leather armour
rPois   +            (helmet unavailable)
rElec   +            (no cloak)
rCorr   +            (no gloves)
SInv    +            k - +1 pair of boots
Will    .....        f - amulet of the acrobat
Stlth   ++           d - ring of resist corrosion
HPRegen 0.24/turn    (no ring)
MPRegen 0.08/turn

%: acrobat
@: resistant, invisible
A: permanent stasis, dig shafts and tunnels, antennae 3, four strong arms
a: Dig, Shaft Self


You were on level 2 of the Dungeon.
You visited 1 branch of the dungeon, and saw 2 of its levels.

You collected 76 gold pieces.

Inventory:

Hand Weapons
 a - a +0 shortbow (weapon)
Armour
 c - a +0 leather armour (worn)
 k - a +1 pair of boots (worn)
Jewellery
 d - a ring of resist corrosion (left hand)
 f - an amulet of the acrobat (around neck)
Scrolls
 b - a scroll of butterflies
 i - a scroll of revelation {unknown}
 j - a scroll of identify {unknown}


   Skills:
 - Level 2.1 Fighting
 * Level 5.2 Ranged Weapons
 - Level 1.7 Dodging
 - Level 1.2 Stealth


You had 2 spell levels left.
You didn't know any spells.
Your spell library was empty.

Dungeon Overview and Level Annotations

Branches:
Dungeon (2/15)

Altars:


Innate Abilities, Weirdness & Mutations

You cannot be hasted, slowed, berserked, paralysed or teleported.
You can dig through walls and to a lower floor.
You have a pair of large antennae on your head. (SInv)
Your four strong arms can wield two-handed weapons with a shield.


Message History

* * * LOW HITPOINT WARNING * * *
Unknown command.
Fire: a) +0 shortbow
Press: ? - help, Q - select action, (/) - cycle Shift-Dir - straight line, f/p - worm
Aim: a worm (almost dead, 81% to hit)
You shoot an arrow. The arrow barely misses the gnoll.
The arrow hits the worm!
You kill the worm!
The gnoll completely misses you.
Fire: a) +0 shortbow
Press: ? - help, Q - select action, (/) - cycle Shift-Dir - straight line, f - gnoll
Aim: a gnoll, wielding a +0 club and quivering a throwing net (heavily wounded, 68% to hit)
You shoot an arrow. The arrow hits the gnoll.
The gnoll is severely wounded.
The gnoll misses you.
Fire: a) +0 shortbow
Press: ? - help, Q - select action, (/) - cycle Shift-Dir - straight line, f/p - gnoll
Aim: a gnoll, wielding a +0 club and quivering a throwing net (severely wounded, 68% to hit)
You shoot an arrow.
The arrow hits the gnoll but does no damage.
The gnoll is severely wounded.
The gnoll hits you with a +0 club.
* * * LOW HITPOINT WARNING * * *
Fire: a) +0 shortbow
Press: ? - help, Q - select action, (/) - cycle Shift-Dir - straight line, f/p - gnoll
Aim: a gnoll, wielding a +0 club and quivering a throwing net (heavily wounded, 68% to hit)
You shoot an arrow. The arrow hits the gnoll.
The gnoll is severely wounded.
The gnoll barely misses you. The gnoll misses you.
It was a potion of resistance.
You feel protected. The gnoll barely misses you.
It was a potion of invisibility.
You fade into invisibility!
The gnoll closely misses you.
Fire: a) +0 shortbow
Press: ? - help, Q - select action, (/) - cycle Shift-Dir - straight line, f/p - gnoll
Aim: a gnoll, wielding a +0 club and quivering a throwing net (severely wounded, unable to see you, 68% to hit)
You shoot an arrow. The arrow closely misses the gnoll.
The gnoll hits you with a +0 club.
You die...

##.##..#.#[#
#.##.......#
##.#.#.#####
##...####
#......#
#..###.#
#..###.# {
#....#.#
#.##@#.#
#.##g#.#
#...(?.#
####†###
#......#
#.##.#.# #
....# .)! .
.......


You could see a gnoll (unable to see you).

Vanquished Creatures
  2 gnolls (D:2)
  An adder (D:2)
  A worm (D:2)
  2 ball pythons (D:1)
  3 hobgoblins (D:1)
  3 jackals (D:1)
  2 frilled lizards
14 creatures vanquished.

Notes
Turn   | Place    | Note
-------+----------+-------------------------------------------
     0 | D:1      | mandarbmax the Formicid Hunter began the quest for the Orb.
     0 | D:1      | Reached XP level 1. HP: 16/16 MP: 1/1
   137 | D:1      | Reached XP level 2. HP: 22/22 MP: 2/2
   740 | D:2      | Reached XP level 3. HP: 27/27 MP: 3/3
   749 | D:2      | Reached skill level 5 in Ranged Weapons
   768 | D:2      | HP: 1/27 [gnoll/+0 club (2)]
   772 | D:2      | Slain by a gnoll

Illustrated notes

Levels and vault maps discovered:
D:1:      saegor_arrival_miasma, layout_basic
D:2:      layout_loops_cross, uniq_natasha

Skill      XL: |  1  2  3 |
---------------+----------+-----
Ranged Weapons | 5 |  5.2
Fighting       | |  2.1
Dodging        | |  1.7
Stealth        | |  1.2

Action                     || total
---------------------------++-------
   Fire: Shortbow          ||    68
Ability: Dig               ||     1
    Use: Potion            ||     2
         Scroll            ||     1
 Armour: Leather armour    ||     9
  Dodge: Dodged            ||    27

Table legend: (Time is in decaauts)
 A = Elapsed time spent in this place.
 B = Non-inter-level travel time spent in this place.
 C = Inter-level travel time spent in this place.
 D = Time resting spent in this place.
 E = Time spent auto-exploring this place.
 F = Levels seen in this place.
 G = Mean time per level.
                   A        B        C        D        E       F      G
               +--------+--------+--------+--------+--------+-----+--------+
         Total |    784 |    724 |     60 |      0 |    591 |   2 |  392.0 |
       Dungeon |    784 |    724 |     60 |      0 |    591 |   2 |  392.0 |
               +--------+--------+--------+--------+--------+-----+--------+

Top non-repeatable levels by time:
     D:1: 709 daAuts
     D:2: 75 daAuts
